 Dungeon Crawl Stone Soup version 0.23.2-1-ga50397a (webtiles) character file.

Game seed: 8541346263173427775

967 schauveau the Archer (level 7, -8/56 HPs)
             Began as a Centaur Hunter on Apr 25, 2019.
             Killed by divine providence
             ... invoked by an orc priest
              (11 damage)
             ... on level 3 of the Dungeon.
             The game lasted 00:09:15 (5158 turns).

schauveau the Archer (Centaur Hunter)               Turns: 5158, Time: 00:09:16

Health: -8/56      AC:  6    Str: 15    XL:     7   Next: 93%
Magic:  7/7        EV:  9    Int: 10    God:
Gold:   182        SH:  0    Dex: 15    Spells: 6/6 levels left

rFire    . . .     SeeInvis .   b - +0 halberd
rCold    . . .     Gourm    +   (shield currently unavailable)
rNeg     . . .     Faith    .   i - +0 ring mail
rPois    .         Spirit   .   k - +0 helmet
rElec    .         Reflect  .   (no cloak)
rCorr    .         Harm     .   (no gloves)
MR       .....                  (no barding)
Stlth    ..........             q - amulet of the gourmand
HPRegen  0.18/turn              s - +4 ring of dexterity
MPRegen  0.10/turn              (no ring)

@: very quick
A: large, hooves 3, deformed body, speed 2, tough skin 3
a: no special abilities


You were on level 3 of the Dungeon.
You were completely stuffed.

You visited 2 branches of the dungeon, and saw 7 of its levels.

You collected 182 gold pieces.

Inventory:

Hand Weapons
 a - a +1 shortbow
 b - a +0 halberd (weapon)
 A - a +0 hunting sling
Missiles
 d - 7 arrows
 l - 7 javelins (quivered)
 n - 67 poisoned needles
 y - 16 stones
Armour
 i - a +0 ring mail (worn)
 k - a +0 helmet (worn)
Jewellery
 q - an amulet of the gourmand (around neck)
 s - a +4 ring of dexterity (left hand)
Wands
 u - a wand of scattershot (5)
Scrolls
 c - 2 scrolls of noise {unknown}
 g - 3 scrolls of enchant weapon {unknown}
 h - 2 scrolls of teleportation {unknown}
 j - 3 scrolls of identify
 p - a scroll of remove curse {unknown}
 r - 2 scrolls of magic mapping
 v - a scroll of amnesia {unknown}
Potions
 e - 3 potions of heal wounds {unknown}
 m - 2 potions of haste {unknown}
 o - a potion of curing {unknown}
 t - a potion of flight {unknown}
 w - a potion of degeneration {unknown}
 z - a potion of might {unknown}
Comestibles
 f - 9 rations


   Skills:
 + Level 2.4 Fighting
 + Level 1.0 Polearms
 * Level 12.3 Bows
 - Level 1.3 Dodging
 - Level 0.4 Stealth


You had 6 spell levels left.
You didn't know any spells.
Your spell library was empty.

Dungeon Overview and Level Annotations

Branches:
Dungeon (6/15)             Temple (1/1) D:6

Altars:
Ashenzari
Cheibriados
Dithmenos
Elyvilon
Gozag
Hepliaklqana
Kikubaaqudgha
Makhleb
Qazlal
Ru
Sif Muna
Trog
Uskayaw
Vehumet
Wu Jian
Xom
Yredelemnul

Shops:
D:5 :

Annotations:
D:5 1 runed translucent door, havocjr3's ghost, novice GnGl


Innate Abilities, Weirdness & Mutations

You have hooves in place of feet.
Armour fits poorly on your strangely shaped body.
You cover ground very quickly.
You have extremely tough skin. (AC +3)


Message History

The orc hits you with a +0 flail.
The orc priest invokes the aid of Beogh against you.
Beogh smites you!
* * * LOW HITPOINT WARNING * * *
You are too injured to fight recklessly!
You are too injured to fight recklessly!
You are too injured to fight recklessly!
You barely miss the orc.
The orc is heavily wounded.
The orc hits you with a +0 flail!
* * * LOW HITPOINT WARNING * * *
The orc hits you with a +0 flail.
* * * LOW HITPOINT WARNING * * *
You hit the orc.
You kill the orc!
You barely miss the orc priest. You kick the orc priest.
The orc priest is moderately wounded.
The orc priest invokes the aid of Beogh against you.
Beogh smites you!
You die...

############# #..........†.
##.########### ##...## # ###
##.....## # ..#
##.......########
#.#####................
#.##.o@>>......########
#.##.####.....#########
###.###.##)##
##.........>...
............# ##......SS....
##.###.##).######.#########(
#...)........# #.
#######..#..######## #.
.........#..#### #.
................ #.


You could see an orc priest.

Vanquished Creatures
  A bullfrog (D:3)
  A scorpion (D:5)
  A howler monkey (D:6)
  A crimson imp (D:5)
  2 jellies (D:5)
  A bullfrog skeleton (D:4)
  3 orc priests
  A hound (D:3)
  2 iguanas
  3 orc wizards
  A centaur skeleton (D:5)
  Terence (D:3)
  A gnoll shaman (D:4)
  3 worker ants
  A mummy (D:5)
  9 gnolls
  8 adders
  A shadow imp (D:5)
  An adder skeleton (D:5)
  2 dart slugs
  3 leopard geckos
  24 orcs
  3 ball pythons
  2 bats (D:3)
  5 giant cockroaches
  2 goblins
  5 hobgoblins
  3 jackals
  2 quokkas
  3 kobolds (D:3)
  A leopard gecko skeleton (D:4)
  A quokka skeleton (D:5)
98 creatures vanquished.

Notes
Turn   | Place    | Note
-------+----------+-------------------------------------------
     0 | D:1      | schauveau the Centaur Hunter began the quest for the Orb.
     0 | D:1      | Reached XP level 1. HP: 17/17 MP: 1/1
   240 | D:3      | Reached skill level 6 in Bows
   240 | D:3      | Reached XP level 2. HP: 20/24 MP: 2/2
   658 | D:3      | Reached XP level 3. HP: 22/29 MP: 3/3
   680 | D:3      | Reached skill level 7 in Bows
   697 | D:3      | Found a sacrificial altar of Ru.
   705 | D:3      | Found a shattered altar of Ashenzari.
   715 | D:3      | Found an opulent altar of Gozag.
   718 | D:3      | Found a radiant altar of Vehumet.
   774 | D:3      | Found a white marble altar of Elyvilon.
   883 | D:3      | Reached XP level 4. HP: 16/36 MP: 4/4
  1091 | D:4      | Reached skill level 8 in Bows
  1159 | D:5      | Entered Level 5 of the Dungeon
  1159 | D:5      | Found Zucapten's Book Emporium.
  1163 | D:5      | Reached XP level 5. HP: 41/41 MP: 5/5
  1310 | D:5      | Reached skill level 9 in Bows
  1540 | D:5      | Found a runed translucent door.
  1540 | D:5      | Noticed havocjr3's ghost (novice GnGl)
  1553 | D:5      | Reached XP level 6. HP: 34/48 MP: 6/6
  1963 | D:5      | Reached skill level 10 in Bows
  2338 | D:5      | Found a snail-covered altar of Cheibriados.
  2500 | D:6      | Found a shattered altar of Ashenzari.
  2544 | D:6      | Reached skill level 11 in Bows
  2544 | D:6      | Reached XP level 7. HP: 46/55 MP: 7/7
  2863 | D:6      | Found a staircase to the Ecumenical Temple.
  2881 | Temple   | Entered the Ecumenical Temple
  3273 | D:4      | Found a burning altar of Makhleb.
  3273 | D:4      | Noticed a blizzard demon
  3989 | D:4      | Reached skill level 12 in Bows
  4711 | D:3      | Noticed Terence
  4717 | D:3      | Killed Terence
  4748 | D:3      | Found a shadowy altar of Dithmenos.
  5150 | D:3      | Reached skill level 1 in Polearms
  5158 | D:3      | Killed from afar by an orc priest

Skill      XL: |  1  2  3  4  5  6  7 |
---------------+----------------------+-----
Bows           | 6 7 8 9 11 12 | 12.3
Polearms       | 1 |  1.0
Fighting       | |  2.4
Dodging        | |  1.3
Stealth        | |  0.4

Action                   |  1- 3 |  4- 6 |  7- 9 || total
-------------------------+-------+-------+-------++-------
Melee: Short sword       |    61 |    33 |    64 ||   158
       Kick              |    14 |     4 |    30 ||    48
       Halberd           |       |       |    53 ||    53
 Fire: Shortbow          |    41 |   118 |    47 ||   206
Throw: Javelin           |       |       |     8 ||     8
  Use: Scroll            |       |     2 |       ||     2
  Eat: Chunk             |       |     2 |    10 ||    12
       Ration            |       |     1 |     1 ||     2
Armor: Leather armour    |    16 |       |       ||    16
       Ring mail         |    12 |    23 |    44 ||    79
Dodge: Dodged            |    35 |    18 |    56 ||   109
